Map: Ever Dream LE

Players

Nice - Winner!

  • Race: Protoss Protoss
  • Spawn Location: 7:00

ExpecT

  • Race: Terran Terran
  • Spawn Location: 1:00

Event: DreamHack SC2 Masters 2020 Summer TwHkMoJp

VOD

Have the link to the VOD?

Description

Time

  • Played on: June 24, 2020, 8:15 a.m.
  • Length: 11:20

All games in this series

Show
View Real Time Build Order
Export as new Build Order

Nice Protoss - Winner!

Build Orders: 1 Gate Expand 

Get SALT Encoding   

  12  0:00  Probe  
  13  0:12  Probe  
  14  0:17  Pylon  
  14  0:25  Probe  
  15  0:33  Probe  
  15  0:36  Gateway  
  15  0:41  Probe  
  16  0:47  Assimilator  
  17  0:51  Probe  
  18  1:03  Probe  
  19  1:15  Probe  
  20  1:24  Cybernetics Core  
  20  1:34  Nexus  
  20  1:37  Pylon  
  20  1:41  Warp Gate  
  20  1:43  Probe  
  21  1:50  Adept  
  21  1:55  Probe  
  24  2:03  Shield Battery  
  24  2:07  Probe  
  25  2:13  Shield Battery  
  25  2:20  Adept, Probe  
  28  2:32  Probe  
  28  2:33  Gateway  
  29  2:41  Gateway  
  29  2:45  Probe  
  30  2:53  Adept  
  32  2:59  Probe x2  
  32  3:04  Pylon  
  34  3:11  Probe x2  
  36  3:22  Assimilator  
  36  3:23  Probe x2  
  36  3:30  Stalker  
  36  3:31  Stalker  
  38  3:34  Stalker  
  38  3:36  Probe x2  
  42  3:48  Probe  
  43  3:50  Robotics Facility  
  43  3:58  Stalker  
  45  4:04  Adept  
  45  4:07  Probe  
  45  4:08  Probe  
  48  4:16  Probe  
  46  4:20  Pylon, Probe  
  48  4:24  Probe  
  48  4:26  Adept  
  48  4:29  Stalker  
  53  4:32  Probe  
  53  4:37  Probe  
  53  4:38  Pylon  
  55  4:42  Pylon  
  55  4:44  Probe  
  56  4:49  Probe  
  56  4:52  Adept x3  
  55  4:55  Twilight Council  
  55  4:56  Probe  
  56  5:01  Probe  
  55  5:08  Probe  
  55  5:10  Assimilator x2  
  55  5:11  Pylon  
  55  5:13  Probe  
  57  5:21  Stalker x3  
  60  5:24  Charge  
  60  5:27  Probe  
  60  5:28  Probe  
  56  5:39  Probe  
  56  5:40  Probe  
  58  5:47  Observer  
  58  5:50  Gateway x2  
  58  5:51  Gateway  
  58  5:55  Gateway  
  58  5:56  Gateway  
  59  6:06  Warp Prism  
  59  6:07  Templar Archives  
  61  6:23  Psionic Storm  
  61  6:24  Stalker  
  63  6:36  Pylon  
  62  6:41  Probe  
  62  6:42  Probe  
  62  6:45  Observer  
  64  6:49  High Templar  
  64  6:52  Nexus  
  64  6:53  Probe  
  67  6:58  Zealot x4  
  67  7:00  Observer, High Templar  
  77  7:01  Probe  
  77  7:04  Pylon  
  77  7:06  Probe  
  79  7:09  Pylon  
  79  7:13  Forge  
  80  7:17  Pylon  
  80  7:18  High Templar  
  80  7:20  Zealot  
  79  7:25  Zealot x2  
  83  7:34  High Templar  
  82  7:43  High Templar, Zealot  
  82  7:44  Zealot  
  88  7:48  Zealot  
  88  7:49  Zealot  
  92  7:57  Zealot  
  92  8:05  Zealot x2  
  92  8:06  Zealot  
  86  8:17  Warp Prism  
  86  8:19  Zealot x4  
  74  8:20  Protoss Ground Weapons Level 1  
  74  8:29  High Templar x2  
  74  8:31  Probe x3  
  81  8:36  High Templar  
  83  8:43  Probe  
  83  8:44  Zealot x3  
  83  8:45  Sentry  
  92  8:50  Shield Battery  
  92  8:57  Observer  
  92  9:02  Stalker x2  
  96  9:10  High Templar  
  96  9:11  Probe x3  
  96  9:12  Pylon  
  96  9:13  Assimilator  
  96  9:14  Assimilator  
  101  9:25  Stalker x3, Zealot  
  101  9:26  Zealot  
  111  9:31  Probe  
  111  9:32  Probe  
  113  9:39  Pylon  
  113  9:40  Photon Cannon  
  113  9:41  Pylon  
  113  9:43  Pylon  
  113  9:44  Immortal  
  117  10:12  High Templar x2  
  117  10:13  Zealot x6  
  133  10:16  Immortal  
  133  10:18  Archon  
  133  10:24  Archon  
  137  10:36  Stalker x5  
  141  11:08  Archon  
  141  11:10  Archon, Zealot  
  141  11:11  Zealot x4  
Show
View Real Time Build Order
Export as new Build Order

ExpecT Terran 

Build Orders:  

Get SALT Encoding   

  12  0:00  SCV  
  13  0:12  SCV  
  14  0:17  Supply Depot  
  14  0:25  SCV  
  15  0:29  Refinery  
  15  0:38  SCV  
  16  0:44  Barracks  
  16  0:50  SCV  
  16  0:54  Refinery  
  17  1:02  SCV  
  18  1:14  SCV  
  19  1:31  Orbital Command, Reaper  
  20  1:36  Factory  
  20  1:51  Supply Depot  
  20  1:57  SCV  
  21  2:03  Reaper  
  22  2:09  SCV  
  23  2:20  Hellion  
  23  2:21  SCV  
  26  2:32  Command Center  
  26  2:33  SCV  
  26  2:35  Reaper  
  28  2:42  Hellion  
  30  2:45  Supply Depot  
  30  2:49  SCV  
  30  3:02  SCV  
  30  3:03  Starport  
  31  3:12  Barracks Tech Lab, Factory Tech Lab  
  29  3:14  SCV  
  30  3:26  SCV  
  31  3:31  Cyclone  
  34  3:42  SCV  
  34  3:46  Barracks Reactor  
  34  3:47  Barracks  
  35  3:49  Banshee  
  35  3:55  SCV  
  39  4:01  Orbital Command  
  36  4:07  Siege Tank  
  36  4:08  SCV  
  35  4:22  SCV  
  36  4:28  SCV  
  37  4:35  Marine x2  
  39  4:39  Siege Tank  
  39  4:42  SCV x2  
  43  4:53  Marine x2  
  43  4:57  SCV  
  45  5:04  SCV  
  45  5:11  Marine x2, SCV, Barracks  
  45  5:13  Starport Reactor  
  48  5:16  SCV  
  46  5:27  Siege Tank  
  48  5:30  SCV x2  
  48  5:31  Marine x3  
  48  5:34  Stimpack  
  53  5:42  Engineering Bay, SCV  
  54  5:45  Supply Depot  
  54  5:48  SCV  
  55  5:53  Marine x2  
  55  5:54  Marine, SCV  
  59  5:58  Engineering Bay  
  59  6:00  SCV  
  60  6:06  SCV  
  61  6:12  SCV  
  61  6:13  Terran Infantry Weapons Level 1  
  61  6:14  Supply Depot  
  61  6:18  Missile Turret  
  62  6:19  SCV  
  62  6:23  Marine x4  
  62  6:24  SCV  
  68  6:32  Medivac  
  70  6:36  Medivac  
  70  6:39  Supply Depot  
  71  6:42  SCV x2  
  73  6:50  Combat Shield  
  73  6:52  Marine x4  
  77  6:56  SCV  
  77  7:01  SCV  
  79  7:02  Supply Depot  
  79  7:03  Supply Depot  
  79  7:09  SCV  
  79  7:12  Marauder x2, Marine  
  79  7:13  Marine, SCV  
  86  7:19  Concussive Shells  
  86  7:24  SCV  
  86  7:25  SCV  
  86  7:26  Supply Depot  
  86  7:30  Viking  
  86  7:36  Marauder, Marine x2  
  87  7:38  Marine, SCV x2  
  86  7:55  SCV x2  
  86  7:58  Marauder, Marine x2  
  91  8:07  Widow Mine, SCV x2  
  91  8:11  Barracks x2  
  75  8:28  Marine x4  
  75  8:29  SCV x2  
  75  8:31  Refinery  
  75  8:33  Refinery  
  81  8:34  Medivac  
  81  8:37  Medivac  
  85  8:46  Command Center  
  85  8:47  Marine x2  
  85  8:48  Marauder x2  
  91  8:50  SCV x2  
  93  8:58  Ghost Academy  
  93  9:04  Barracks Reactor, Barracks Tech Lab  
  93  9:08  Marine x2  
  93  9:09  Marauder x2  
  99  9:18  Terran Infantry Armor Level 1  
  99  9:20  SCV x2  
  99  9:21  Supply Depot  
  99  9:24  Marauder  
  103  9:25  Marine  
  103  9:26  Marine  
  103  9:30  Marauder  
  107  9:41  Enhanced Shockwaves  
  107  9:42  SCV  
  107  9:43  SCV  
  109  9:48  Ghost  
  111  9:54  Marine x3  
  111  9:55  SCV x2  
  115  10:06  Ghost  
  115  10:07  Marine x2  
  111  10:12  Marine  
  114  10:15  SCV  
  114  10:16  SCV  
  114  10:18  Ghost  
  114  10:19  Marine x2  
  120  10:24  Supply Depot  
  120  10:26  Armory  
  120  10:28  Engineering Bay  
  120  10:33  Missile Turret  
  120  10:37  Orbital Command  
  120  10:46  Ghost  
  120  10:47  Missile Turret  
Tags
 
Add a new tag
Caveats
  • Supply blocks, unpowered buildings, or Contaminate may cause inaccurate times.
  • Supply counts are checked every 10 seconds.